 Dungeon Crawl Stone Soup version 0.17.0-56-gd8de76c (webtiles) character file.

311 sugabear the Cudgeler (level 6, -2/36 HPs)
             Began as a Gargoyle Gladiator on Dec 5, 2015.
             Was an Initiate of Kikubaaqudgha.
             Slain by sugabear's ghost (10 damage)
             ... on level 3 of the Dungeon.
             The game lasted 00:07:30 (4186 turns).

sugabear the Cudgeler (Gargoyle Gladiator)          Turns: 4186, Time: 00:07:30

Health: -2/36      AC:  9    Str: 18    XL:     6   Next: 42%
Magic:  6/6        EV:  8    Int: 10    God:    Kikubaaqudgha [......]
Gold:   100        SH:  0    Dex: 11    Spells: 0 memorised, 5 levels left

rFire  . . .     SeeInvis .     x - +1 trident (venom)
rCold  . . .     Clarity  .     b - +0 leather armour
rNeg   + . .     SustAt   .     (no shield)
rPois  ∞         Gourm    .     g - +1 hat
rElec  +         Spirit   .     (no cloak)
rCorr  .         Warding  .     (no gloves)
rMut   .         Stasis   .     k - +0 pair of boots
MR     .....                    (no amulet)
Stlth  +.........               (no ring)
                                (no ring)

@: not resistant to hostile enchantments, very unstealthy
A: negative energy resistance 1, electricity resistance, unbreathing,
petrification resistance, rot immunity, AC +4
a: Renounce Religion


You were on level 3 of the Dungeon.
You worshipped Kikubaaqudgha.
Kikubaaqudgha was noncommittal.
You were not hungry.

You visited 1 branch of the dungeon, and saw 4 of its levels.

You collected 100 gold pieces.

Inventory:

Hand Weapons
 a - a +0 flail
 o - a +2 hunting sling of freezing
 x - a +1 trident of venom (weapon)
Missiles
 d - 3 throwing nets (quivered)
 l - 53 stones
Armour
 b - a +0 leather armour (worn)
 g - a +1 hat (worn)
 k - a +0 pair of boots (worn)
Jewellery
 h - an uncursed ring of ice
Wands
 t - a wand of fireball (7)
Scrolls
 c - a scroll of magic mapping {unknown}
 f - 2 scrolls of identify {unknown}
 n - 2 scrolls of remove curse {unknown}
 p - a scroll of recharging {unknown}
 r - a scroll of enchant weapon {unknown}
Potions
 m - a potion of curing {unknown}
 q - a potion of ambrosia {unknown}
 s - a potion of poison {unknown}
 u - a potion of flight {unknown}
 v - a potion of beneficial mutation {unknown}
 w - a potion of haste {unknown}
Comestibles
 e - 6 bread rations
 j - 2 meat rations


   Skills:
 + Level 2.9 Fighting
 + Level 4.2 Maces & Flails
 + Level 0.1(1.3) Slings
 + Level 2.2(2.3) Throwing
 + Level 3.2 Armour
 + Level 3.9 Dodging
 + Level 0.2 Stealth


You had 5 spell levels left.
You didn't know any spells.

Dungeon Overview and Level Annotations

Branches:
Dungeon (4/15)
 Temple: D:4-7

Altars:
Ashenzari
Kikubaaqudgha
Vehumet

Annotations:
D:3 sugabear's ghost, amateur GrGl


Innate Abilities, Weirdness & Mutations

You are resistant to torment.
Your stone body is resilient (AC +4).
You are immune to poison.
You resist negative energy.
You are resistant to electric shocks.
You can survive without breathing.
You are immune to petrification.
You are immune to rotting.


Message History

There is a stone staircase leading down here.
You climb downwards.
Level annotation: sugabear's ghost, amateur GrGl Sugabear's ghost hits you.
There is a stone staircase leading up here.
You puncture sugabear's ghost!
Sugabear's ghost is moderately damaged.
Sugabear's ghost hits you!
You puncture sugabear's ghost!
Sugabear's ghost is heavily damaged.
Sugabear's ghost hits you!
Sugabear's ghost hits you but does no damage.
You closely miss sugabear's ghost.
Sugabear's ghost is heavily damaged.
Sugabear's ghost hits you!
* * * LOW HITPOINT WARNING * * *
Unknown command.
Sugabear's ghost hits you!
You die...
Kikubaaqudgha rasps: "You have failed me!
Welcome... oblivion!"

####.....##.###.##..
#..(......#.# #....#
######..<).....#.# ####.#
#...##...........# #..#
#.#......(.....#######.##
#...##...(.............#
##.###.........######.##
#####...##...((....# #.#
#..>.....###@####..# ###.###
#.#.......##.W.....## #.....#
#.#.......#####.....###.###..
#.#.......# ##.......##.# #..
#........####.........#.###..
####........'.........'......
###...####.........####...
#..## ##.......## ##.. #.##
##...).## ##.


You could see sugabear's ghost.

Vanquished Creatures
  Sigmund (D:2)
  Ijyb (D:2)
  Natasha (thrice) (D:2)
  2 adders
  A gnoll (D:1)
  2 oozes
  2 worms (D:2)
  2 giant geckos (D:3)
  An orc (D:3)
  3 giant cockroaches (D:1)
  8 hobgoblins
  2 quokkas (D:3)
  3 bats
  4 giant newts
  7 goblins
  9 kobolds
  8 rats
59 creatures vanquished.

Vanquished Creatures (others)
  An adder (D:2)
1 creature vanquished.

Grand Total: 60 creatures vanquished

Notes
Turn   | Place    | Note
--------------------------------------------------------------
     0 | D:1      | sugabear the Gargoyle Gladiator began the quest for the Orb.
     0 | D:1      | Reached XP level 1. HP: 12/12 MP: 1/1
   133 | D:1      | Reached XP level 2. HP: 18/18 MP: 2/2
   195 | D:2      | Noticed Ijyb
   195 | D:2      | Noticed Natasha
   218 | D:1      | Found a shattered altar of Ashenzari.
   332 | D:1      | Reached XP level 3. HP: 11/22 MP: 3/3
  1091 | D:2      | Found a radiant altar of Vehumet.
  1321 | D:2      | Killed Natasha
  1321 | D:2      | Reached skill level 1 in Armour
  1321 | D:2      | Reached XP level 4. HP: 27/27 MP: 4/4
  1344 | D:2      | Noticed Sigmund
  1618 | D:2      | Killed Sigmund
  1618 | D:2      | Reached skill level 4 in Maces & Flails
  1618 | D:2      | Reached XP level 5. HP: 23/32 MP: 5/5
  1618 | D:2      | Reached XP level 6. HP: 25/36 MP: 6/6
  1827 | D:2      | Noticed Natasha
  1831 | D:2      | Killed Natasha
  1988 | D:2      | Killed Ijyb
  2032 | D:2      | Noticed Natasha
  2042 | D:2      | Killed Natasha
  2795 | D:3      | Noticed sugabear's ghost (amateur GrGl)
  2811 | D:3      | Found an ancient bone altar of Kikubaaqudgha.
  2820 | D:3      | Became a worshipper of Kikubaaqudgha
  4186 | D:3      | Slain by sugabear's ghost

Action                   |  1- 3 |  4- 6 || total
-------------------------+-------+-------++-------
Melee: Flail             |    83 |    85 ||   168
       Trident           |       |    23 ||    23
 Fire: Hunting sling     |       |    33 ||    33
Throw: Throwing net      |       |     3 ||     3
  Eat: Chunk             |     1 |     5 ||     6
       Royal jelly       |       |     2 ||     2
